 Dungeon Crawl Stone Soup version 0.27.0-1-g7a089689b8 (webtiles) character file.

Game seed: 5593327713697258971

28 zarnack the Skirmisher (level 3, 0/33 HPs)
             Began as a Minotaur Fighter on Aug 10, 2021.
             Succumbed to a goblin's poison
             ... on level 3 of the Dungeon.
             The game lasted 00:05:17 (883 turns).

zarnack the Skirmisher (Minotaur Fighter)            Turns: 883, Time: 00:05:17

Health: 0/33       AC:  7    Str: 21    XL:     3   Next: 0%
Magic:  2/2        EV:  7    Int:  5    God:
Gold:   83         SH:  9    Dex:  9    Spells: 2/2 levels left

rFire    . . .     SeeInvis .   l - +0 demon whip (venom) {jesus}
rCold    . . .     Faith    .   c - +0 kite shield
rNeg     . . .     Spirit   .   b - +0 scale mail
rPois    .         Reflect  .   (helmet restricted)
rElec    .         Harm     .   (no cloak)
rCorr    .         Rampage  .   (no gloves)
Will     .....                  (no boots)
Stlth    ..........             (no amulet)
HPRegen  0.11/turn              (no ring)
MPRegen  0.08/turn              (no ring)

@: lethally poisoned (0 -> -11)
A: horns 2, retaliatory headbutt
a: no special abilities


You were on level 3 of the Dungeon.
You visited 1 branch of the dungeon, and saw 3 of its levels.

You collected 83 gold pieces.

Inventory:

Hand Weapons
 a - a +0 long sword
 e - a +0 dagger
 g - a +0 dagger
 j - a +0 club
 k - a +0 flail
 l - a +0 demon whip of venom (weapon) {jesus}
Missiles
 f - 33 stones (quivered)
Armour
 b - a +0 scale mail (worn)
 c - a +0 kite shield (worn)
Scrolls
 h - a scroll of identify


   Skills:
 + Level 4.2 Fighting
 + Level 0.4(1.5) Short Blades
 + Level 2.5(2.6) Long Blades
 + Level 0.2 Maces & Flails
 + Level 4.0 Armour
 + Level 0.4 Dodging
 + Level 3.9 Shields


You had 2 spell levels left.
You didn't know any spells.
Your spell library was empty.

Dungeon Overview and Level Annotations

Branches:
Dungeon (3/15)

Altars:
Ashenzari
Ru


Innate Abilities, Weirdness & Mutations

You have a pair of horns on your head.
You reflexively headbutt those who attack you in melee.


Message History

The goblin hits you with a +2 dagger of venom.
The orc hits you with a +0 flail.
Your shield and scale mail prevent you from hitting the hobgoblin.
You headbutt the hobgoblin.
You kill the hobgoblin!
The goblin hits you with a +2 dagger of venom.
The orc hits you with a +0 flail. The goblin hits you but does no damage.
You are poisoned.
You feel very sick. The orc hits you with a +0 flail.
Things that are here:
10 gold pieces; a hobgoblin corpse You hit the orc but do no damage.
The orc is poisoned.
Your headbutt misses the orc.
You feel sick. The orc hits you with a +0 flail. You block the goblin's attack.
The orc barely misses you. You furiously retaliate!
You headbutt the orc, but do no damage. You hit the orc but do no damage.
The orc looks as sick as possible!
Your headbutt misses the orc.
You feel sick. The goblin barely misses you. You furiously retaliate!
You headbutt the goblin. The orc hits you but does no damage.
You hit the orc but do no damage.
The orc looks as sick as possible!
You headbutt the orc.
You kill the orc!
You feel sick.
The goblin hits you with a +2 dagger of venom.
* * * LOW HITPOINT WARNING * * *
You are lethally poisoned!
You have reached level 3!
Your experience leads to an increase in your attributes!
Increase (S)trength, (I)ntelligence, or (D)exterity?
Uppercase letters only, please.
You feel stronger.
You barely miss the goblin.
The goblin is heavily wounded.
* * * LOW HITPOINT WARNING * * *
You feel very sick. The goblin barely misses you.
You block the goblin's attack.
You whack the goblin!
You kill the goblin!
You die...

... ...# ##.# .8#g
#..#######.# #$..# #..#..
..#.# 8g.# ..#.# #.#.#
.o.##.#.###.#.#
#..#.#.##.<...
...##########.#..........
.........)......#.##.....
...##...@)#.##.##.##..#.#
#######.##....##..###
#.#####.....# #.# ####.##
#.# #.# #.# #.# #.#
#.#### ####.....
#........


There were no monsters in sight!

Vanquished Creatures
  An adder (D:3)
  2 orcs (D:3)
  3 bats
  An endoplasm (D:1)
  A giant cockroach (D:1)
  4 goblins
  A hobgoblin (D:3)
  A frilled lizard (D:3)
  4 rats
  A bush (D:3)
19 creatures vanquished.

Notes
Turn   | Place    | Note
-------+----------+-------------------------------------------
     0 | D:1      | zarnack the Minotaur Fighter began the quest for the Orb.
     0 | D:1      | Reached XP level 1. HP: 19/19 MP: 0/0
   363 | D:2      | Reached XP level 2. HP: 27/27 MP: 1/1
   408 | D:3      | Found a broken altar of Ashenzari.
   679 | D:3      | Found a sacrificial altar of Ru.
   882 | D:3      | Reached XP level 3. HP: 7/33 MP: 2/2
   883 | D:3      | Succumbed to a goblin's poison

Illustrated notes

Levels and vault maps discovered:
D:1:      minmay_arrival_four_circles, layout_loops_corners
D:2:      layout_basic, uniq_robin
D:3:      layout_loops_corners, nicolae_ru_awakened_eye,
          mainiacjoe_overflow_boulevard, minmay_misc_feat_chi,
          guppyfry_early_orc_mine

Skill      XL: |  1  2 |
---------------+-------+-----
Fighting       | 4 |  4.2
Armour         | 4 |  4.0
Short Blades   | |  0.4
Long Blades    | |  2.5
Maces & Flails | |  0.2
Dodging        | |  0.4
Shields        | |  3.9

Action                   || total
-------------------------++-------
Melee: Dagger            ||   108
       Headbutt          ||    41
       Long sword        ||     6
       Demon whip        ||    11
  Use: Potion            ||     3
       Scroll            ||     1
Armor: Scale mail        ||    23
Dodge: Dodged            ||    14
Block: Kite shield       ||    33
